Map: [TLMC14] Blackburn

Players

Zest

  • Race: Protoss Protoss

Scarlett - Winner!

  • Race: Zerg Zerg

Event: DreamHack SC2 Masters 2021 Winter

VOD

Have the link to the VOD?

Description

Time

  • Played on: Nov. 13, 2021, 12:41 p.m.
  • Length: 12:06

All games in this series

Show
View Real Time Build Order
Export as new Build Order

Zest Protoss 

Build Orders: 1 Gate Expand, Oracle Opening 

Get SALT Encoding   

  12  0:00  Probe  
  13  0:12  Probe  
  14  0:19  Pylon  
  14  0:24  Probe  
  15  0:38  Probe (Chrono Boost)  
  15  0:39  Gateway  
  16  0:47  Probe (Chrono Boost)  
  16  0:49  Assimilator  
  17  0:52  Probe (Chrono Boost)  
  19  1:04  Probe  
  19  1:16  Probe  
  20  1:27  Nexus  
  20  1:37  Cybernetics Core  
  20  1:40  Probe  
  20  1:45  Assimilator  
  21  1:52  Probe  
  22  1:56  Pylon  
  22  2:05  Probe (Chrono Boost)  
  23  2:13  Adept  
  26  2:15  Probe (Chrono Boost)  
  26  2:19  Stargate  
  26  2:20  Probe (Chrono Boost)  
  27  2:26  Warp Gate  
  27  2:34  Probe (Chrono Boost)  
  28  2:39  Probe (Chrono Boost)  
  29  2:44  Adept  
  29  2:49  Probe x2 (Chrono Boost)  
  33  2:54  Void Ray (Chrono Boost), Probe (Chrono Boost)  
  33  2:56  Probe  
  39  3:06  Probe  
  39  3:08  Probe  
  39  3:12  Pylon  
  41  3:16  Gateway  
  41  3:20  Probe  
  41  3:21  Probe  
  43  3:27  Oracle (Chrono Boost)  
  43  3:32  Probe  
  43  3:33  Probe  
  48  3:44  Probe  
  48  3:45  Probe  
  50  3:52  Nexus  
  50  3:55  Pylon  
  50  3:58  Probe x2  
  51  4:04  Assimilator  
  51  4:06  Assimilator  
  51  4:10  Probe x2  
  51  4:13  Pylon  
  53  4:22  Protoss Air Weapons Level 1, Probe  
  53  4:23  Probe  
  55  4:29  Void Ray, Stargate  
  55  4:34  Probe (Chrono Boost)  
  55  4:35  Probe (Chrono Boost)  
  61  4:43  Pylon  
  63  4:46  Probe x2 (Chrono Boost)  
  63  4:51  Probe x2 (Chrono Boost)  
  64  4:58  Pylon  
  65  5:01  Probe (Chrono Boost)  
  65  5:05  Probe (Chrono Boost)  
  68  5:09  Probe (Chrono Boost)  
  68  5:12  Probe (Chrono Boost)  
  70  5:15  Void Ray x2  
  70  5:16  Shield Battery  
  70  5:17  Probe (Chrono Boost)  
  70  5:18  Probe (Chrono Boost)  
  70  5:19  Shield Battery  
  80  5:22  Probe (Chrono Boost)  
  80  5:24  Probe (Chrono Boost)  
  80  5:26  Probe (Chrono Boost), Forge  
  83  5:28  Probe (Chrono Boost)  
  83  5:30  Probe  
  83  5:32  Pylon  
  83  5:33  Assimilator  
  84  5:35  Assimilator  
  84  5:36  Probe  
  84  5:40  Stargate  
  85  5:43  Fleet Beacon  
  85  5:50  Probe x3  
  88  5:59  Pylon  
  88  6:04  Photon Cannon  
  88  6:11  Photon Cannon  
  88  6:12  Shield Battery  
  88  6:14  Pylon  
  88  6:29  Carrier x2 (Chrono Boost)  
  88  6:30  Carrier (Chrono Boost)  
  106  6:38  Probe  
  106  6:39  Probe x2  
  109  6:52  Nexus  
  109  6:54  Pylon  
  109  6:56  Protoss Air Weapons Level 2 (Chrono Boost)  
  109  6:59  Robotics Facility  
  109  7:03  Probe  
  109  7:04  Probe x2  
  112  7:20  Void Ray x3  
  112  7:26  Gateway x2  
  124  7:31  Gateway  
  124  7:32  Gateway, Flux Vanes  
  124  7:33  Gateway  
  124  7:34  Gateway  
  124  7:36  Pylon  
  124  7:47  Observer (Chrono Boost)  
  125  7:54  Sentry x2  
  125  7:55  Void Ray (Chrono Boost)  
  125  7:57  Photon Cannon  
  125  7:58  Shield Battery  
  129  8:01  Gateway, Pylon  
  141  8:05  Void Ray x2 (Chrono Boost)  
  140  8:25  Void Ray  
  140  8:35  Void Ray x2  
  140  9:09  Pylon  
  140  9:10  Pylon  
  140  9:11  Assimilator x2  
  140  9:13  Pylon  
  140  9:15  Pylon  
  140  9:27  Void Ray x2 (Chrono Boost)  
  140  9:28  Void Ray (Chrono Boost)  
  140  9:37  Stalker  
  146  9:40  Stalker  
  125  9:55  Stalker x3, Zealot x3  
  105  10:01  Void Ray (Chrono Boost)  
  105  10:04  Void Ray (Chrono Boost)  
  105  10:06  Void Ray (Chrono Boost)  
  80  10:25  Nexus  
  80  10:33  Nexus  
  84  10:35  Void Ray (Chrono Boost)  
  84  10:42  Void Ray (Chrono Boost)  
  88  10:44  Void Ray (Chrono Boost)  
  88  10:46  Pylon  
  88  10:48  Pylon  
  91  11:04  Void Ray  
  91  11:10  Void Ray  
Show
View Real Time Build Order
Export as new Build Order

Scarlett Zerg - Winner!

Build Orders: Hatch First 

Get SALT Encoding   

  12  0:00  Drone  
  13  0:12  Overlord  
  13  0:16  Drone  
  14  0:30  Drone x2  
  16  0:43  Drone  
  17  0:51  Hatchery  
  17  0:54  Drone  
  17  0:58  Drone  
  18  1:09  Extractor  
  17  1:13  Spawning Pool  
  17  1:16  Drone  
  17  1:20  Drone  
  18  1:27  Drone  
  19  1:38  Drone  
  20  1:49  Overlord  
  20  1:59  Queen  
  22  2:02  Queen  
  22  2:03  Drone, Zergling x2  
  26  2:12  Drone  
  26  2:13  Metabolic Boost  
  27  2:24  Drone x2  
  27  2:27  Drone  
  30  2:36  Zergling x2  
  31  2:38  Drone, Queen  
  34  2:48  Hatchery  
  33  2:52  Overlord  
  33  2:55  Drone  
  33  2:58  Drone  
  35  2:59  Drone  
  35  3:04  Overlord  
  36  3:11  Drone x4  
  40  3:17  Queen  
  42  3:20  Drone  
  42  3:21  Drone  
  42  3:24  Drone  
  45  3:29  Queen  
  45  3:32  Overlord  
  47  3:34  Drone  
  47  3:39  Spore Crawler  
  47  3:42  Drone x2  
  47  3:48  Drone x3  
  52  3:53  Queen  
  53  4:03  Spore Crawler  
  53  4:04  Drone x5  
  53  4:08  Queen  
  56  4:28  Drone  
  57  4:32  Extractor  
  57  4:35  Extractor x2  
  57  4:36  Overlord  
  56  4:39  Queen  
  56  4:40  Hatchery  
  56  4:43  Roach Warren  
  56  4:46  Drone  
  56  4:48  Spore Crawler  
  56  4:52  Zergling x4  
  57  4:56  Drone x6  
  57  4:59  Drone x2  
  65  5:01  Drone  
  66  5:07  Overlord  
  66  5:08  Drone x2  
  66  5:13  Evolution Chamber  
  65  5:16  Drone  
  65  5:17  Overlord  
  66  5:24  Overlord  
  66  5:28  Drone x4, Lair  
  70  5:32  Drone x2  
  70  5:34  Drone  
  70  5:35  Drone  
  74  5:38  Drone  
  74  5:39  Drone x2  
  74  5:42  Zerg Missile Weapons Level 1  
  77  5:43  Drone  
  77  5:47  Drone x3  
  80  5:57  Drone x3  
  80  5:58  Drone x5  
  80  6:01  Extractor  
  80  6:02  Extractor  
  85  6:05  Queen  
  85  6:06  Queen  
  89  6:12  Zergling x4  
  89  6:15  Drone x4  
  95  6:21  Overlord x4  
  95  6:30  Overlord x4  
  95  6:38  Glial Reconstitution  
  95  6:39  Overseer, Queen  
  95  6:44  Drone x2  
  95  6:45  Drone x2  
  101  6:52  Spire  
  101  6:53  Drone, Queen  
  103  6:55  Queen  
  105  7:06  Queen  
  107  7:12  Roach x10  
  127  7:16  Overlord x2  
  127  7:18  Queen  
  129  7:25  Roach x4, Spore Crawler  
  129  7:29  Overseer  
  136  7:30  Queen  
  136  7:34  Roach x5  
  148  7:39  Zerg Ground Armor Level 1  
  148  7:41  Roach x3  
  154  7:45  Ravager  
  154  7:46  Ravager x10  
  154  7:48  Ravager x2  
  154  7:49  Overlord  
  167  7:52  Extractor x2  
  167  7:57  Ravager  
  167  7:58  Ravager  
  167  8:04  Overlord x2  
  167  8:08  Zerg Flyer Armor Level 1  
  167  8:09  Roach  
  167  8:10  Roach x3  
  168  8:29  Queen  
  168  8:30  Queen x2  
  167  8:40  Hatchery  
  158  8:44  Queen  
  152  8:52  Infestation Pit  
  149  8:56  Roach x9  
  149  8:57  Zergling x18  
  173  9:05  Queen x2  
  176  9:10  Overlord x2  
  176  9:12  Corruptor x3  
  176  9:15  Corruptor  
  178  9:20  Queen  
  178  9:21  Corruptor x2  
  179  9:26  Ravager x2, Corruptor  
  183  9:33  Hive  
  183  9:35  Corruptor x3  
  187  9:51  Corruptor x6  
  178  10:00  Corruptor x3  
  178  10:05  Corruptor  
  173  10:09  Corruptor  
  158  10:26  Corruptor x2  
  158  10:27  Zergling x2  
  158  10:28  Zergling x18  
  157  10:35  Corruptor x2  
  159  10:40  Corruptor  
  161  10:46  Corruptor x2  
  165  10:53  Corruptor  
  165  10:56  Corruptor  
  169  11:02  Corruptor  
  170  11:19  Hatchery  
  170  11:21  Viper  
  170  11:23  Viper  
  172  11:26  Extractor x2  

Tags
 
Add a new tag
Caveats
  • Supply blocks, unpowered buildings, or Contaminate may cause inaccurate times.
  • Supply counts are checked every 10 seconds.